AoeStats
← rikardo.zamora

Arabia

507753307Analyzed
1v1 RM · 12d ago on Sep 19, 2026· 20m 37s· 2 players
Game mode
Random Map
Map size
Tiny (2 player)
Population
200
Speed
Normal
Resources
Standard
Victory
Conquest
Starting age
Dark Age
Ending age
Imperial Age
RankedLock teamsTeams togetherTeam positionsShared explorationLock speedFull tech treeHidden civsTurbo modeCheats
Victory
Defeat
🇿🇼 Britons · Zimbabwe
592
+20
🇲🇽 Celts · Mexico
671
-20
Synovus NET
5:10 Loom
10:01 Feudal Age
15:34 Double-Bit Axe
15:48 Fletching
rikardo.zamora
4:23 Loom
10:20 Feudal Age
11:55 Horse Collar
16:52 Double-Bit Axe
19:14 Castle Age
19:22 Man-at-Arms
19:48 Gambesons
Connection lost

Rejoining the realm…

Still unreachable

The connection could not be restored.

Session expired

The server has moved on; the page needs a fresh start.